AoeStats
← andresffelipe20

MegaRandom

506444366Analyzed
2v2 RM · 18d ago on Sep 13, 2026· 80m 31s· 4 players
Game mode
Random Map
Map size
Medium (4 player)
Population
200
Speed
Normal
Resources
Standard
Victory
Conquest
Starting age
Dark Age
Ending age
Imperial Age
RankedLock teamsTeams togetherTeam positionsShared explorationLock speedFull tech treeHidden civsTurbo modeCheats
Victory
Defeat
🇩🇪 Saracens · Germany
1117
+14
🇨🇴 Chinese · Colombia
1063
+16
🇩🇪 Persians · Germany
1086
-16
🇩🇪 Turks · Germany
1050
-14
Tobi Cariad
0:38 Loom
11:49 Feudal Age
12:17 Town Watch
12:41 Horse Collar
16:13 Wheelbarrow
17:06 Double-Bit Axe
21:14 Castle Age
19:43 Stone Mining
20:26 Gold Mining
23:53 Husbandry
28:10 Heavy Plow
29:22 Bloodlines
35:39 Imperial Age
34:35 Scale Barding Armor
34:41 Forging
35:42 Chain Barding Armor
36:04 Hand Cart
36:56 Conscription
37:14 Iron Casting
36:03 Heavy Camel Rider
39:46 Plate Barding Armor
41:20 Blast Furnace
41:36 Town Patrol
45:01 Light Cavalry
46:17 Fletching
46:29 Scale Mail Armor
46:33 Padded Archer Armor
46:18 Hussar
47:42 Bodkin Arrow
47:51 Padded Archer Armor
48:13 Ballistics
48:53 Chemistry
48:05 Fortified Wall
48:05 Masonry
47:23 Capped Ram
48:00 Elite Skirmisher
48:46 Thumb Ring
49:21 Bracer
50:00 Bimaristan
50:26 Hoardings
51:13 Leather Archer Armor
52:26 Ring Archer Armor
53:51 Siege Engineers
55:40 Siege Ram
61:33 Elite Mameluke
62:26 Counterweights
64:05 Coinage
64:27 Siege Ram
66:06 Banking
65:37 Caravan
67:55 Fervor
68:49 Siege Ram
andresffelipe20
0:53 Loom
11:31 Feudal Age
12:34 Double-Bit Axe
12:30 Horse Collar
25:42 Castle Age
24:36 Gold Mining
24:37 Stone Mining
24:40 Fletching
26:11 Padded Archer Armor
26:19 Bodkin Arrow
26:35 Crossbowman
28:34 Ballistics
30:18 Elite Skirmisher
35:32 Bow Saw
39:14 Wheelbarrow
38:24 Town Watch
45:28 Imperial Age
43:23 Town Patrol
43:40 Hand Cart
44:40 Pikeman
45:22 Squires
45:37 Forging
48:23 Bracer
48:39 Leather Archer Armor
49:10 Scale Mail Armor
52:53 Ring Archer Armor
58:53 Illumination
58:46 Block Printing
59:18 Scale Barding Armor
59:30 Chain Mail Armor
59:51 Iron Casting
60:43 Halberdier
63:48 Heavy Plow
65:23 Gold Shaft Mining
67:28 Conscription
68:03 Plate Mail Armor
70:42 Elite Chu Ko Nu
78:28 Thumb Ring
77:44 Arbalester
79:27 Blast Furnace
K99cour
0:30 Loom
10:27 Feudal Age
10:56 Double-Bit Axe
15:59 Forging
18:44 Horse Collar
22:43 Castle Age
20:49 Gold Mining
22:03 Bloodlines
21:59 Scale Barding Armor
21:47 Fletching
22:00 Padded Archer Armor
24:27 Bodkin Arrow
24:47 Leather Archer Armor
28:35 Bow Saw
30:11 Husbandry
33:22 Town Watch
34:12 Wheelbarrow
41:50 Imperial Age
40:56 Hand Cart
45:38 Ballistics
45:07 Heavy Cavalry Archer
51:45 Scale Barding Armor
51:41 Bracer
52:11 Ring Archer Armor
52:17 Iron Casting
51:07 Cavalier
52:03 Caravan
52:30 Murder Holes
53:13 Heavy Camel Rider
56:15 Parthian Tactics
57:33 Thumb Ring
60:09 Chain Barding Armor
60:50 Blast Furnace
59:52 Scale Mail Armor
65:36 Town Patrol
65:00 Capped Ram
65:52 Siege Ram
71:16 Chain Mail Armor
71:37 Plate Barding Armor
70:56 Man-at-Arms
71:39 Squires
71:24 Arson
71:39 Long Swordsman
73:02 Plate Mail Armor
72:40 Two-Handed Swordsman
73:30 Champion
76:00 Conscription
Chakalabagala
0:39 Loom
10:33 Feudal Age
12:06 Double-Bit Axe
19:14 Castle Age
18:00 Bloodlines
18:32 Scale Barding Armor
18:25 Horse Collar
21:05 Forging
25:08 Town Watch
27:24 Arson
31:14 Heavy Plow
36:54 Imperial Age
37:52 Kamandaran
38:15 Conscription
37:20 Cavalier
38:46 Chain Barding Armor
40:26 Light Cavalry
41:52 Hussar
43:52 Fletching
43:42 Crossbowman
44:33 Thumb Ring
44:00 Pikeman
44:59 Padded Archer Armor
45:56 Bow Saw
46:30 Halberdier
47:57 Scale Mail Armor
48:32 Iron Casting
49:32 Citadels
49:38 Caravan
49:53 Squires
52:50 Plate Barding Armor
52:30 Husbandry
56:05 Bodkin Arrow
59:27 Chain Mail Armor
66:48 Savar
69:36 Blast Furnace
68:53 Chain Mail Armor
68:54 Leather Archer Armor
Connection lost

Rejoining the realm…

Still unreachable

The connection could not be restored.

Session expired

The server has moved on; the page needs a fresh start.